 Dungeon Crawl Stone Soup version 0.20.0-4-g10b340a (webtiles) character file.

6783 ChaseSP the Severer (level 11, -20/97 HPs)
             Began as a Hill Orc Fighter on May 27, 2017.
             Demolished by a two-headed ogre
             ... wielding a +0 giant spiked club
              (25 damage)
             ... on level 8 of the Dungeon.
             The game lasted 00:14:09 (6740 turns).

ChaseSP the Severer (Hill Orc Fighter)              Turns: 6740, Time: 00:14:09

Health: -20/97     AC: 18    Str: 20    XL:     11   Next: 5%
Magic:  0/20       EV:  5    Int:  8    God:
Gold:   422        SH:  9    Dex: 13    Spells: 10/10 levels left

rFire    . . .     SeeInvis .   O - +0 broad axe
rCold    . . .     Gourm    .   c - +0 shield
rNeg     . . .     Faith    .   b - +0 plate armour
rPois    +         Spirit   +   Q - +1 helmet
rElec    .         Reflect  .   o - +2 cloak
rCorr    .         Harm     .   (no gloves)
MR       .....                  l - +0 pair of boots
Stlth    ..........             u - amulet of guardian spirit
Regen    0.3/turn               w - ring of magical power
MPRegen  0.2/turn               E - ring of poison resistance

@: no status effects
A: no striking features
a: no special abilities


You were on level 8 of the Dungeon.
You were not hungry.

You visited 2 branches of the dungeon, and saw 9 of its levels.

You collected 422 gold pieces.

Inventory:

Hand Weapons
 q - a +0 battleaxe
 D - a cursed -2 flail
 O - a +0 broad axe (weapon)
Missiles
 e - 82 bolts
Armour
 b - a +0 plate armour (worn)
 c - a +0 shield (worn)
 l - a +0 pair of boots (worn)
 o - a +2 cloak (worn)
 v - the +0 helmet "Voolah" {rPois Dex+3}
   (You took it off Robin on level 4 of the Dungeon)

   It affects your dexterity (+3).
   It protects you from poison.
 Q - a +1 helmet (worn)
Jewellery
 u - an amulet of guardian spirit (around neck)
 w - a ring of magical power (left hand)
 E - a ring of poison resistance (right hand)
Wands
 M - a wand of paralysis (18/24)
 P - a wand of acid (7/15)
Scrolls
 h - a scroll of noise {unknown}
 j - 4 scrolls of remove curse {unknown}
 k - 2 scrolls of amnesia {unknown}
 m - a scroll of magic mapping {unknown}
 n - 5 scrolls of teleportation {unknown}
 p - a scroll of recharging {unknown}
 s - 3 scrolls of blinking {unknown}
 t - 2 scrolls of enchant armour
 y - 2 scrolls of fog {unknown}
 B - 2 scrolls of immolation {unknown}
 J - a scroll of vulnerability {unknown}
 N - 6 scrolls of identify
Potions
 d - 2 potions of cancellation {unknown}
 r - a potion of flight
 x - 2 potions of brilliance {unknown}
 z - a potion of resistance {unknown}
 A - 2 potions of agility {unknown}
 C - a potion of mutation {unknown}
 F - a potion of haste
 G - 2 potions of lignification
 H - 2 potions of curing {unknown}
 I - a potion of berserk rage {unknown}
 K - a potion of heal wounds {unknown}
Comestibles
 a - a chunk of flesh
 f - 9 bread rations
 g - 5 royal jellies
 i - 4 meat rations
 L - 5 fruits


   Skills:
 + Level 9.2 Fighting
 * Level 17.0 Axes
 - Level 4.1 Armour
 + Level 3.7 Dodging
 - Level 3.2 Shields


You had 10 spell levels left.
You didn't know any spells.

Dungeon Overview and Level Annotations

Branches:
Dungeon (8/15)             Temple (1/1) D:7            Lair (0/6) D:8

Altars:
Ashenzari
Cheibriados
Dithmenos
Elyvilon
Fedhas
Gozag
Hepliaklqana
Makhleb
Nemelex Xobeh
Qazlal
Ru
Sif Muna
Trog
Uskayaw
Vehumet
Xom
Yredelemnul
Zin
The Shining One

Annotations:
D:6 exclusion: oklob plant
D:8 1 transporter


Message History

* * * LOW HITPOINT WARNING * * *
The hippogriff bites you but does no damage.
The hippogriff pecks you but does no damage.
The hippogriff barely misses you.
The hippogriff bites you but does no damage.
The hippogriff pecks you but does no damage.
The hippogriff claws you but does no damage.
The two-headed ogre hits you but does no damage.
The two-headed ogre hits you with a giant club!
* * * LOW HITPOINT WARNING * * *
The hippogriff bites you but does no damage.
The hippogriff pecks you but does no damage.
The hippogriff claws you.
* * * LOW HITPOINT WARNING * * *
You turn to flesh and can move again.
You slice the two-headed ogre!!
The two-headed ogre is almost dead.
You hit the hippogriff.
The two-headed ogre hits you with a giant spiked club!!
You die...

.# ... .....#......P..PP.
.###... .......P.P♣).P$...
...... .......÷$P.PP.....
....# .........P♣.>P....
....# ........P.P....P..
..#.# #####........P....
.##.## #..P....P...♣P
..#..## ###..#HO.....P..♣
#..#..# #....##@......P....
##.##>###..### #............
##.##..##.######..##.......#
##..........÷.##..#####.####
####.....####÷..........####
####.###..##.......#######..
..##.# ##.............. #.#
#....####.......©......###.#
....#.......#########....#.#


You could see a two-headed ogre and a hippogriff.

Vanquished Creatures
  Pikel (D:7)
  Joseph (D:7)
  A centaur skeleton (D:8)
  4 hippogriffs
  A spriggan (D:7)
  A basilisk (D:8)
  4 yaks (D:7)
  A water moccasin (D:8)
  Duvessa (D:4)
  2 porcupines (D:8)
  4 black bears (D:8)
  4 phantoms
  An ice beast (D:7)
  3 slaves (D:7)
  2 ogres (D:5)
  2 wolves (D:8)
  3 centaurs
  A crocodile (D:8)
  Blork the orc (D:6)
  3 bullfrogs (D:7)
  2 gnoll sergeants
  A water moccasin zombie (D:8)
  Dowan (D:4)
  3 scorpions
  6 killer bees (D:7)
  4 howler monkeys
  4 crimson imps
  2 centaur zombies
  A bullfrog zombie (D:5)
  3 hounds
  3 orc wizards
  3 orc priests
  7 jellies (D:6)
  Jessica (D:3)
  3 iguanas
  2 worker ants (D:7)
  A killer bee zombie (D:6)
  Robin (D:4)
  9 gnolls
  8 adders
  3 shadow imps
  13 oozes
  An adder zombie (D:7)
  3 worms
  2 dart slugs (D:3)
  9 leopard geckos
  13 orcs
  A ball python (D:2)
  9 bats
  2 giant cockroaches
  10 goblins
  7 hobgoblins
  8 jackals
  2 quokkas
  A frilled lizard (D:4)
  4 kobolds
  A quokka skeleton (D:4)
  8 rats
203 creatures vanquished.

Vanquished Creatures (others)
  A hound (D:7)
  An adder skeleton (D:7)
  8 fungi
  5 plants (D:8)
15 creatures vanquished.

Grand Total: 218 creatures vanquished

Notes
Turn   | Place    | Note
-------+----------+-------------------------------------------
     0 | D:1      | ChaseSP the Hill Orc Fighter began the quest for the Orb.
     0 | D:1      | Reached XP level 1. HP: 19/19 MP: 1/1
    67 | D:1      | Reached skill level 3 in Axes
   244 | D:1      | Reached XP level 2. HP: 22/26 MP: 2/2
   696 | D:2      | Reached skill level 4 in Axes
   846 | D:2      | Reached XP level 3. HP: 30/31 MP: 3/3
   904 | D:2      | Reached skill level 5 in Axes
  1145 | D:2      | Reached XP level 4. HP: 39/39 MP: 4/4
  1294 | D:3      | Noticed Jessica
  1307 | D:3      | Killed Jessica
  1307 | D:3      | Reached skill level 6 in Axes
  1586 | D:3      | Reached XP level 5. HP: 40/45 MP: 5/5
  2079 | D:4      | Noticed a phantom
  2117 | D:4      | Killed a phantom
  2117 | D:4      | Reached skill level 8 in Axes
  2117 | D:4      | Reached XP level 6. HP: 41/51 MP: 6/6
  2126 | D:4      | Noticed Duvessa
  2127 | D:4      | Noticed Dowan
  2137 | D:4      | Killed Duvessa
  2142 | D:4      | Killed Dowan
  2142 | D:4      | Reached skill level 9 in Axes
  2195 | D:4      | Reached XP level 7. HP: 57/57 MP: 7/7
  2571 | D:4      | Reached skill level 10 in Axes
  2619 | D:4      | Noticed Robin
  2632 | D:4      | Killed Robin
  2641 | D:4      | Got a heavily runed helmet
  2647 | D:4      | Identified the +0 helmet "Voolah" {rPois Dex+3} (You took it off Robin on level 4 of the Dungeon)
  2899 | D:5      | Entered Level 5 of the Dungeon
  2983 | D:5      | Found a shattered altar of Ashenzari.
  2990 | D:5      | Found a snail-covered altar of Cheibriados.
  2995 | D:5      | Found a shimmering altar of Xom.
  3006 | D:5      | Found a radiant altar of Vehumet.
  3013 | D:5      | Reached skill level 11 in Axes
  3020 | D:5      | Found a bloodstained altar of Trog.
  3025 | D:5      | Found a hazy altar of Hepliaklqana.
  3032 | D:5      | Found a stormy altar of Qazlal.
  3140 | D:5      | Reached XP level 8. HP: 15/64 MP: 7/8
  3153 | D:5      | Reached skill level 12 in Axes
  3750 | D:6      | Noticed an oklob plant
  3835 | D:6      | Reached skill level 13 in Axes
  3959 | D:6      | Found a white marble altar of Elyvilon.
  4097 | D:6      | Reached XP level 9. HP: 49/72 MP: 9/9
  4105 | D:6      | Reached skill level 5 in Fighting
  4320 | D:6      | Noticed Blork the orc
  4332 | D:6      | Killed Blork the orc
  4572 | D:7      | Noticed Pikel
  4586 | D:7      | Killed Pikel
  4586 | D:7      | Reached skill level 14 in Axes
  4677 | D:7      | Noticed Joseph
  4700 | D:7      | Killed Joseph
  4873 | D:7      | Reached skill level 15 in Axes
  5079 | D:7      | Reached skill level 1 in Dodging
  5079 | D:7      | Reached XP level 10. HP: 83/86 MP: 10/10
  5414 | D:7      | Found a staircase to the Ecumenical Temple.
  5429 | D:7      | Reached skill level 16 in Axes
  5439 | Temple   | Entered the Ecumenical Temple
  6026 | D:8      | Found a staircase to the Lair.
  6174 | D:8      | Noticed a two-headed ogre
  6183 | D:8      | HP: 4/91 [hippogriff (6)]
  6667 | D:8      | Reached XP level 11. HP: 66/97 MP: 11/11
  6728 | D:8      | Reached skill level 17 in Axes
  6740 | D:8      | Demolished by a two-headed ogre

Skill      XL: |  1  2  3  4  5  6  7  8  9 10 11 |
---------------+----------------------------------+-----
Axes           | 3 4 5 6 8 9 11 13 15 16 17 | 17.0
Fighting       | 4 7 9 |  9.2
Armour         | 4 |  4.1
Dodging        | 1 3 |  3.7
Shields        | |  3.2

Action                   |  1- 3 |  4- 6 |  7- 9 | 10-12 || total
-------------------------+-------+-------+-------+-------++-------
Melee: War axe           |    87 |   128 |   208 |       ||   423
       Broad axe         |       |       |   122 |   240 ||   362
  Use: Potion            |       |     1 |     3 |     2 ||     6
       Scroll            |       |       |     5 |       ||     5
  Eat: Chunk             |     1 |     3 |     5 |     6 ||    15
       Meat ration       |       |       |     1 |       ||     1
Armor: Scale mail        |    48 |    31 |       |       ||    79
       Chain mail        |       |    38 |   194 |    31 ||   263
       Plate armour      |       |       |       |   197 ||   197
Dodge: Dodged            |    31 |    27 |    63 |    68 ||   189
Block: Shield            |    45 |    54 |   133 |   133 ||   365
